 Dungeon Sprint DCSS version 0.16-a0-3761-g2321f2b (console) character file.

10894 Monkaria the Grappler (level 11, -9/118 HPs)
             Began as a Troll Fighter on Jan 24, 2015.
             Was the Champion of Cheibriados.
             Mangled by a lorocyproca (26 damage)
             ... in the Dungeon (Sprint I: "Red Sonja").
             The game lasted 00:16:59 (1751 turns).

Monkaria the Grappler (Troll Fighter)               Turns: 1751, Time: 00:16:59

Health: -9/118     AC: 11    Str: 45    XL:     11   Next: 42%
Magic:  0/19       EV: 19    Int: 19    God:    Cheibriados [******]
Gold:   40         SH: 15    Dex: 22    Spells: 0 memorised, 10 levels left

rFire  + . .     SeeInvis .       - Unarmed
rCold  . . .     Clarity  .     z - +2 robe {rF+}
rNeg   . . .     SustAb   .     c - +0 shield
rPois  +         Gourm    +     (helmet restricted)
rElec  +         Spirit   .     (no cloak)
rCorr  .         Warding  .     (gloves unavailable)
rMut   .         NoTele   +     (boots unavailable)
MR     +....     NoCast   +     (no amulet)
Stlth  ++........               (no ring)
                                r - ring "Blaismy" {-Cast +Fly rElec rPois+ MR+ AC+4 Str+3 Int+2}

@: very slightly contaminated, invisible, very slow, somewhat resistant to
hostile enchantments, unstealthy
A: unfitting armour, claws 3, rugged brown scales 1, blurry vision 2, clumsy 1,
deformed body, dopey 1, fast metabolism 3, gourmand, low mp 1, sense
surroundings 1, regeneration 2, shaggy fur 1, tough skin 2, weak 1
a: Bend Time, Temporal Distortion, Slouch, Step From Time, Renounce Religion,
Evoke Flight


You were in the Dungeon.
You worshipped Cheibriados.
Cheibriados was exalted by your worship.
You were completely stuffed.

You visited 1 branch You collected 1656 gold pieces.
You spent 1616 gold pieces at shops.

Inventory:

Hand weapons
 b - a +0 blowgun
 l - a +1 scythe of distortion
 m - a +0 longbow
 y - the +6 trident "Worm" {venom, MR+ Str+2}
   (You found it in the Dungeon)

   It poisons the flesh of those it strikes.
   It affects your strength (+2).
   It affects your resistance to hostile enchantments.
Missiles
 n - 36 arrows
 u - 3 curare-tipped needles
 B - 14 poisoned needles
Armour
 c - a +0 shield (worn)
 z - a +2 robe of fire resistance (worn)
Jewellery
 r - the ring "Blaismy" (left claw) {-Cast +Fly rElec rPois+ MR+ AC+4 Str+3 Int+2}
   (You acquired it in the Dungeon)

   [ring of protection]

   It affects your AC (+4).
   It affects your strength (+3).
   It affects your intelligence (+2).
   It insulates you from electricity.
   It protects you from poison.
   It affects your resistance to hostile enchantments.
   It lets you fly.
   It prevents spellcasting.
Scrolls
 j - a scroll of blinking
 o - 2 scrolls of remove curse
 q - a scroll of amnesia
 A - 3 scrolls of magic mapping
Potions
 d - 10 potions of curing
 e - 2 potions of might
 f - 4 potions of heal wounds
 g - a potion of haste
 h - 2 potions of magic
 i - a potion of resistance
 v - a potion of agility {unknown}
 w - a potion of lignification
Miscellaneous
 p - a crystal ball of energy
 s - a lantern of shadows
 x - a phantom mirror
Comestibles
 a - 3 meat rations


   Skills:
 - Level 9.6 Fighting
 - Level 2.4 Armour
 - Level 10.5 Dodging
 - Level 10.0 Shields
 - Level 12.3 Unarmed Combat
 - Level 9.4 Invocations
 + Level 11.5 Evocations


You had 10 spell levels left.
You didn't know any spells.

Dungeon Overview and Level Annotations

Branches:
Dungeon (1/1)

Altars:
Cheibriados
Dithmenos
Elyvilon
Fedhas
Gozag
Kikubaaqudgha
Makhleb
Nemelex Xobeh
Okawaru
Qazlal
Ru
Sif Muna
Trog
Vehumet
Xom
Yredelemnul
Zin
The Shining One
Jiyva

Shops:
D *%}![==:?=}[}[!?((%[(

Annotations:
D Norris


Innate Abilities, Weirdness & Mutations

You are too large for most types of armour.
You have claws for hands.
Your metabolism is lightning-fast.
You like to eat raw meat.
You heal very quickly.
You are covered in fur (AC +1).
You have very tough skin (AC +2).
You are partially covered in rugged brown scales (AC +1, +3% HP).
Scrolls take you longer to read.
You are clumsy. (Dex -2)
Armour fits poorly on your strangely shaped body.
You are dopey. (Int -2)
Your magical capacity is low (-10% MP).
You passively map a small area around you.
You are weak. (Str -2)


Message History

You feel much better. Something closely misses you.
You scratch something but do no damage. You miss something. Something hits you!
You miss something. Something hits you!
* * * LOW HITPOINT WARNING * * *
Drink which item? (? for menu, Esc to quit)
You feel much better. Something completely misses you.
You closely miss something. Something hits you!!
You claw something! Something hits you!
* * * LOW HITPOINT WARNING * * *
You feel your power leaking away.
Drink which item? (? for menu, Esc to quit)
You feel much better. Something hits you!
Drink which item? (? for menu, Esc to quit)
You fade into invisibility!
Something hits you!!
* * * LOW HITPOINT WARNING * * *
You are very lightly contaminated with residual magic.
Something hits you!!
You die...

#####################************
..#__#..')..#..#§§..+,,,,,,+,,*,,
..'..'..#)..##'#§####,,,,,**,,+,,
#'#__####...'§.#§#,*##,,,*******+
#[####..#####.)'.#+#$###+*,,,**,,
#)#§§§..#..##§####..$#{#,**,,,*,,
.)'§§§..'..#.§§§§#§.$###,,***,*,,
._#§≈≈..#.§#.§§§@{..$$$#*,*,*,*,,
#'##'#####'###§§.#^....#,,***,*,,
#(#....###.'.#§§.###++##,**,,,*,,
####'###[###.#§^##*,,***,,*+***,,
)'.....'.∩##.#..#***,,***,,,*,≈,,
.###########.##'#,,*,,*,***,*,≈,,
###......§##.##.#,,,,,,,,,*,***,,
#.#......§§§.####,,,,,,,,,*,*,+,,
..#+..######.#,,+,,,,,,****+*,**'


There were no monsters in sight!

Vanquished Creatures
  2 centaur warriors (D)
  A deep troll (D)
  2 unseen horrors (D)
  A lindwurm (D)
  8 shining eyes (D)
  An oklob plant (D)
  A gargoyle (D)
  2 kobold demonologists (D)
  4 demonic crawlers (D)
  Sonja (D)
  A slime creature (D)
  4 trapdoor spiders (D)
  A yak (D)
  A wasp (D)
  7 necrophages (D)
  An ogre (D)
  Sigmund (D)
  8 jellies (D)
  Ijyb (D)
  6 giant eyeballs (D)
  A ballistomycete (D)
55 creatures vanquished.

Vanquished Creatures (others)
  A gargoyle (D)
  2 giant spores (D)
3 creatures vanquished.

Grand Total: 58 creatures vanquished

Notes
Turn   | Place    | Note
--------------------------------------------------------------
     0 | D        | Monkaria, the Troll Fighter, began the quest for the Orb.
     0 | D        | Reached XP level 1. HP: 22/22 MP: 1/1
     2 | D        | Noticed Ijyb
    11 | D        | Killed Ijyb
    11 | D        | Reached skill level 5 in Unarmed Combat
    11 | D        | Reached XP level 2. HP: 29/29 MP: 1/1
    20 | D        | Noticed an ogre
    25 | D        | Killed an ogre
    25 | D        | Reached skill level 9 in Unarmed Combat
    25 | D        | Reached XP level 3. HP: 12/36 MP: 2/2
    25 | D        | Reached XP level 4. HP: 14/44 MP: 2/2
    80 | D        | Noticed Sigmund
    86 | D        | Killed Sigmund
    86 | D        | Reached skill level 5 in Fighting
    86 | D        | Reached XP level 5. HP: 35/58 MP: 2/2
   146 | D        | Found a snail-covered altar of Cheibriados.
   146 | D        | Found a viscous altar of Jiyva.
   146 | D        | Found a shadowy altar of Dithmenos.
   146 | D        | Found a blossoming altar of Fedhas.
   146 | D        | Noticed a slime creature
   153 | D        | Killed a slime creature
   153 | D        | Reached skill level 12 in Unarmed Combat
   153 | D        | Reached XP level 6. HP: 60/66 MP: 3/3
   160 | D        | Found a deep blue altar of Sif Muna.
   161 | D        | Noticed a jelly
   162 | D        | Found a radiant altar of Vehumet.
   164 | D        | Killed a jelly
   185 | D        | Found Yraezoeb's Distillery.
   185 | D        | Found a white marble altar of Elyvilon.
   185 | D        | Found a stormy altar of Qazlal.
   185 | D        | Found a basalt altar of Yredelemnul.
   185 | D        | Found an iron altar of Okawaru.
   185 | D        | Found a sparkling altar of Nemelex Xobeh.
   185 | D        | Found a shimmering altar of Xom.
   185 | D        | Found an ancient bone altar of Kikubaaqudgha.
   185 | D        | Noticed a yak
   190 | D        | Killed a yak
   190 | D        | Reached skill level 5 in Shields
   191 | D        | Found a burning altar of Makhleb.
   191 | D        | Found a sacrificial altar of Ru.
   191 | D        | Found a glowing golden altar of the Shining One.
   191 | D        | Found an opulent altar of Gozag.
   191 | D        | Found a glowing silver altar of Zin.
   192 | D        | Found a bloodstained altar of Trog.
   196 | D        | Bought a potion of heal wounds for 55 gold pieces
   196 | D        | Bought 2 potions of curing for 66 gold pieces
   196 | D        | Bought a potion of mutation for 27 gold pieces
   196 | D        | Bought a potion of heal wounds for 55 gold pieces
   196 | D        | Bought a potion of heal wounds for 55 gold pieces
   196 | D        | Bought a potion of curing for 33 gold pieces
   235 | D        | Noticed a centaur warrior
   237 | D        | Gained mutation: Your mind is acute. (Int +2) [potion of mutation]
   237 | D        | Gained mutation: You are partially covered in icy blue scales (AC +1). [potion of mutation]
   237 | D        | Gained mutation: You passively map a small area around you. [potion of mutation]
   243 | D        | Noticed a centaur warrior
   253 | D        | Killed a centaur warrior
   253 | D        | Reached skill level 10 in Shields
   253 | D        | Reached XP level 7. HP: 72/72 MP: 3/3
   253 | D        | Reached XP level 8. HP: 80/81 MP: 3/3
   258 | D        | Killed a centaur warrior
   323 | D        | Noticed a wasp
   330 | D        | Killed a wasp
   360 | D        | Became a worshipper of Cheibriados the Contemplative
   372 | D        | Noticed a kobold demonologist
   373 | D        | Noticed a kobold demonologist
   379 | D        | Noticed a rust devil
   379 | D        | Killed a kobold demonologist
   379 | D        | Reached XP level 9. HP: 100/100 MP: 4/4
   383 | D        | Killed a kobold demonologist
   383 | D        | Reached skill level 5 in Dodging
   434 | D        | Noticed a deep troll
   442 | D        | Killed a deep troll
   454 | D        | Found Quarel's Armour Emporium.
   550 | D        | Noticed an oklob plant
   652 | D        | Killed an oklob plant
   659 | D        | Noticed a trapdoor spider
   662 | D        | Killed a trapdoor spider
   745 | D        | Noticed a trapdoor spider
   746 | D        | Noticed a trapdoor spider
   748 | D        | Killed a trapdoor spider
   748 | D        | Acquired Cheibriados' first power
   750 | D        | Killed a trapdoor spider
   750 | D        | Reached skill level 10 in Dodging
   758 | D        | Noticed a trapdoor spider
   765 | D        | Killed a trapdoor spider
   765 | D        | Acquired Cheibriados' second power
   765 | D        | Reached XP level 10. HP: 92/107 MP: 4/4
   803 | D        | Killed an unseen horror
   805 | D        | Killed a gargoyle
   923 | D        | Killed an unseen horror
   923 | D        | Acquired Cheibriados' third power
   999 | D        | Noticed a jelly
   999 | D        | Noticed a jelly
   999 | D        | Noticed a jelly
   999 | D        | Noticed a jelly
  1003 | D        | Noticed a jelly
  1003 | D        | Noticed a jelly
  1003 | D        | Noticed a jelly
  1006 | D        | Killed a jelly
  1012 | D        | Killed a jelly
  1014 | D        | Killed a jelly
  1020 | D        | Killed a jelly
  1023 | D        | Killed a jelly
  1024 | D        | Noticed a necrophage
  1032 | D        | Killed a necrophage
  1041 | D        | Noticed a necrophage
  1041 | D        | Noticed a necrophage
  1049 | D        | Killed a necrophage
  1055 | D        | Noticed a necrophage
  1055 | D        | Noticed a necrophage
  1056 | D        | Noticed a necrophage
  1064 | D        | Killed a necrophage
  1068 | D        | Killed a jelly
  1071 | D        | Killed a necrophage
  1078 | D        | Killed a jelly
  1079 | D        | Noticed a necrophage
  1080 | D        | Found Kleur's Weapon Boutique.
  1080 | D        | Found Unawaag's Book Shoppe.
  1080 | D        | Found Psawanan's Food Emporium.
  1081 | D        | Found Pugeng's Jewellery Shop.
  1081 | D        | Found Jostre Tobi's Magic Scroll Boutique.
  1082 | D        | Killed a necrophage
  1086 | D        | Killed a necrophage
  1092 | D        | Killed a necrophage
  1110 | D        | Found Puzaokk's Weapon Emporium.
  1115 | D        | Found Ihisch's Jewellery Emporium.
  1115 | D        | Found Samakha's Gadget Shop.
  1115 | D        | Found Qaobb's Armour Shoppe.
  1115 | D        | Found Quassaaf's Gadget Boutique.
  1115 | D        | Found Benemap's Antique Armour Emporium.
  1115 | D        | Found Cecaxuem's Distillery.
  1115 | D        | Found Klaefaar's Magic Scroll Shoppe.
  1115 | D        | Found Cemp's Antique Weapon Boutique.
  1119 | D        | Bought a scroll of identify for 22 gold pieces
  1126 | D        | Bought a glowing robe for 15 gold pieces
  1127 | D        | Bought a potion of curing for 36 gold pieces
  1127 | D        | Bought a potion of heal wounds for 60 gold pieces
  1127 | D        | Bought 2 potions of curing for 72 gold pieces
  1127 | D        | Bought a potion of heal wounds for 60 gold pieces
  1127 | D        | Bought 2 potions of heal wounds for 120 gold pieces
  1127 | D        | Bought a potion of lignification for 36 gold pieces
  1138 | D        | Bought a phantom mirror for 330 gold pieces
  1187 | D        | Noticed Sonja
  1189 | D        | Killed Sonja
  1231 | D        | Got a warped trident
  1241 | D        | Identified the +6 trident "Worm" {venom, MR+ Str+2} (You found it in the Dungeon)
  1249 | D        | Found Usuitwa's General Store.
  1258 | D        | Bought a scroll of identify for 24 gold pieces
  1258 | D        | Bought a scroll of magic mapping for 42 gold pieces
  1258 | D        | Bought a scroll of identify for 24 gold pieces
  1258 | D        | Bought a potion of might for 48 gold pieces
  1258 | D        | Identified a scroll of acquirement
  1259 | D        | Got a flickering tin ring
  1260 | D        | Identified the ring "Blaismy" {-Cast +Fly rElec rPois+ MR+ AC+4 Str+3 Int+2} (You acquired it in the Dungeon)
  1286 | D        | Noticed a shining eye
  1286 | D        | Noticed a shining eye
  1286 | D        | Noticed a shining eye
  1286 | D        | Noticed a shining eye
  1286 | D        | Noticed a shining eye
  1286 | D        | Paralysed by a giant eyeball for 2 turns
  1287 | D        | Gained mutation: You are weak. (Str -2) [a shining eye]
  1292 | D        | Paralysed by a giant eyeball for 2 turns
  1295 | D        | Killed a shining eye
  1297 | D        | Paralysed by a giant eyeball for 4 turns
  1298 | D        | Gained mutation: Scrolls take you a little longer to read. [a shining eye]
  1300 | D        | Gained mutation: You have difficulty communicating with the divine. [a shining eye]
  1303 | D        | Killed a shining eye
  1303 | D        | Reached skill level 5 in Evocations
  1304 | D        | Gained mutation: Your magical capacity is low (-10% MP). [a shining eye]
  1304 | D        | Paralysed by a giant eyeball for 2 turns
  1306 | D        | Gained mutation: Scrolls take you longer to read. [a shining eye]
  1307 | D        | Killed a shining eye
  1318 | D        | Lost mutation: Your mind is acute. (Int +2) [a shining eye]
  1320 | D        | Killed a shining eye
  1321 | D        | Gained mutation: You are partially covered in rugged brown scales (AC +1, +3% HP). [a shining eye]
  1326 | D        | Killed a shining eye
  1326 | D        | Reached XP level 11. HP: 116/118 MP: 18/18
  1329 | D        | Noticed a shining eye
  1330 | D        | Noticed a shining eye
  1330 | D        | Noticed a shining eye
  1331 | D        | Gained mutation: You are clumsy. (Dex -2) [a shining eye]
  1334 | D        | Gained mutation: You are frail (-10% HP). [a shining eye]
  1334 | D        | Gained mutation: You are dopey. (Int -2) [a shining eye]
  1361 | D        | Paralysed by a giant eyeball for 2 turns
  1364 | D        | Paralysed by a giant eyeball for 4 turns
  1367 | D        | Gained mutation: Armour fits poorly on your strangely shaped body. [a shining eye]
  1368 | D        | Gained mutation: You are very frail (-20% HP). [a shining eye]
  1369 | D        | Killed a shining eye
  1379 | D        | Gained mutation: You are very clumsy. (Dex -4) [a shining eye]
  1385 | D        | Killed a shining eye
  1387 | D        | Gained mutation: Your body is slowly deteriorating. [a shining eye]
  1387 | D        | Lost mutation: Your body is slowly deteriorating. [a shining eye]
  1389 | D        | Gained mutation: Scrolls take you much longer to read. [a shining eye]
  1391 | D        | Killed a shining eye
  1409 | D        | Found Soitoik's Antique Armour Shop.
  1409 | D        | Found Grei's Food Shoppe.
  1409 | D        | Found Hamafful's Jewellery Boutique.
  1409 | D        | Found Xoqed's Gadget Emporium.
  1425 | D        | Bought a glowing robe for 16 gold pieces
  1478 | D        | Noticed a demonic crawler
  1478 | D        | Noticed a demonic crawler
  1478 | D        | Noticed a demonic crawler
  1478 | D        | Noticed a demonic crawler
  1480 | D        | Killed a demonic crawler
  1480 | D        | Killed a demonic crawler
  1480 | D        | Reached skill level 10 in Evocations
  1482 | D        | Killed a demonic crawler
  1483 | D        | Killed a demonic crawler
  1529 | D        | Noticed a lindwurm
  1541 | D        | Killed a lindwurm
  1597 | D        | Bought a potion of cure mutation for 420 gold pieces
  1597 | D        | Lost mutation: You are very frail (-20% HP). [potion of cure mutation]
  1597 | D        | Lost mutation: You are partially covered in icy blue scales (AC +1). [potion of cure mutation]
  1597 | D        | Lost mutation: Scrolls take you much longer to read. [potion of cure mutation]
  1597 | D        | Lost mutation: You are frail (-10% HP). [potion of cure mutation]
  1597 | D        | Lost mutation: You are very clumsy. (Dex -4) [potion of cure mutation]
  1597 | D        | Lost mutation: You have difficulty communicating with the divine. [potion of cure mutation]
  1652 | D        | Noticed a gargoyle
  1669 | D        | Killed a gargoyle
  1732 | D        | Noticed Norris
  1751 | D        | Mangled by a lorocyproca

Action                   |  1- 3 |  4- 6 |  7- 9 | 10-12 || total
-------------------------+-------+-------+-------+-------++-------
Melee: Unarmed           |    13 |    26 |    55 |   108 ||   202
Invok: Slouch            |       |       |       |     3 ||     3
  Use: Potion            |       |     2 |     1 |     6 ||     9
       Scroll            |       |       |       |     6 ||     6
 Stab: Sleeping          |       |       |       |     2 ||     2
  Eat: Chunk             |     1 |       |       |     8 ||     9
       Meat ration       |       |       |     1 |       ||     1
       Bread ration      |       |       |       |     1 ||     1
